 Dungeon Crawl Stone Soup version 0.31-a0-662-g684573625c (webtiles) character file.

Game seed: 778197133535933198

2278 Descartes the Sneak (level 9, -6/40 HPs)
             Began as a Felid Shapeshifter on Sept 1, 2023.
             Mangled by a hornet (7 damage)
             ... while paralysed by a hornet
             ... on level 7 of the Dungeon.
             The game lasted 00:09:41 (5764 turns).

Descartes the Sneak (Felid Shapeshifter)            Turns: 5764, Time: 00:09:41

Health: -6/40      AC:  2    Str: 14    XL:     9   Next: 16%
Magic:  10/10      EV:  4    Int: 12    God:
Gold:   417        SH:  0    Dex: 15    Spells: 8/8 levels left
                                        Lives:  0   Deaths: 3

rFire   . .          .
                       - Unarmed
rCold   . . .        (shield unavailable)
rNeg    . . .        (body armour unavailable)
rPois   +            (helmet unavailable)
rElec   .            (cloak unavailable)
rCorr   .            (gloves unavailable)
SInv    +            (boots unavailable)
Will    ++...        m - amulet of regeneration
Stlth   ++++         h - ring of willpower
HPRegen 1.06/turn    n - ring of poison resistance
MPRegen 0.12/turn

%: no passive effects
@: paralysed, lethally poisoned (-6 -> -6), beast-form, quick
A: beast (slay +3), very small, claws 1, fangs 3, see invisible, speed 1, shaggy
fur 2, stealthy paws, no weapons or thrown items, no armour, multi-lived
a: Begin Untransformation


You were on level 7 of the Dungeon.
You were a hulking beast.
You visited 2 branches of the dungeon, and saw 8 of its levels.
You also visited: Sewer.

You collected 417 gold pieces.

Inventory:

Jewellery
 h - a ring of willpower (left paw)
 m - an amulet of regeneration (around neck)
 n - a ring of poison resistance (right paw)
 o - an amulet of magic regeneration
Talismans
 b - a beast talisman (active)
 c - a flux talisman
Wands
 t - a wand of light (6)
 v - a wand of charming (11)
Scrolls
 d - a scroll of butterflies {unknown}
 e - 2 scrolls of identify
 f - 2 scrolls of enchant weapon
 i - 2 scrolls of fog {unknown}
 l - a scroll of teleportation {unknown}
 q - a scroll of revelation {unknown}
 r - a scroll of enchant armour {unknown}
 s - 2 scrolls of fear {unknown}
 u - a scroll of poison {unknown}
Potions
 a - a potion of lignification
 g - 2 potions of heal wounds
 j - 2 potions of curing
 k - a potion of might {unknown}
 p - a potion of enlightenment {unknown}
 w - 2 potions of brilliance {unknown}


   Skills:
 - Level 5.0 Fighting
 + Level 7.7 Dodging
 + Level 7.8 Stealth
 + Level 6.3 Unarmed Combat
 + Level 6.5 Shapeshifting


You had 8 spell levels left.
You didn't know any spells.
Your spell library contained the following spells:

 Spells                   Type           Power      Damage    Failure   Level
 Sting                    Tmut/Pois      0%         1d3       32%         1
 Dazzling Flash           Conj/Hex       0%         N/A       69%         3
 Ignite Poison            Fire/Tmut/Pois 0%         N/A       69%         3
 Vampiric Draining        Necr           0%         2d6       69%         3
 Volatile Blastmotes      Fire/Tloc      0%         2d10      69%         3
 Olgreb's Toxic Radiance  Pois           0%         N/A       97%         4
 Starburst                Conj/Fire      0%         6d3       100%        6
 Haunt                    Necr/Summ      0%         N/A       100%        7
 Maxwell's Capacitive Co  Air            0%         ∞         100%        8


Dungeon Overview and Level Annotations

Branches:
Dungeon (7/15)             Temple (1/1) D:7           Sewer (visited)

Altars:
Ashenzari
Cheibriados
Elyvilon
Fedhas
Gozag
Hepliaklqana
Kikubaaqudgha
Nemelex Xobeh
Okawaru
Qazlal
Ru
Sif Muna
Trog
Uskayaw
Vehumet
Wu Jian
Xom
Yredelemnul
The Shining One

Shops:
D:4 *   D:7 *


Innate Abilities, Weirdness & Mutations

You are a hulking beast.
Your limbs bulge with bestial killing power. (Slay +3)
You have sharp claws.
You have razor-sharp teeth.
You have supernaturally acute eyesight. (SInv)
You cover ground quickly. (Speed+)
You are covered in thick fur. (AC +2)
Your paws help you pounce on unaware monsters.
You are incapable of wielding weapons or throwing items.
You cannot wear armour.
You gain extra lives every three experience levels.


Message History

You climb upwards.
Welcome back to the Dungeon!
There is a staircase to the Ecumenical Temple here.
A hornet comes into view.
You claw the hornet!
The hornet is moderately wounded.
The hornet stings you.
You are poisoned.
You completely miss the hornet.
The hornet is moderately wounded.
You feel sick. The hornet barely misses you.
You miss the hornet.
The hornet is moderately wounded.
You feel sick. The hornet stings you.
You scratch the hornet. Your bite misses the hornet.
The hornet is heavily wounded.
You feel sick. The hornet stings you! The hornet completely misses you.
You are too injured to fight recklessly!
You are too injured to fight recklessly!
You are too injured to fight recklessly!
You are too injured to fight recklessly!
You are too injured to fight recklessly!
You are too injured to fight recklessly!
You are too injured to fight recklessly!
You are too injured to fight recklessly!
You are too injured to fight recklessly!
You are too injured to fight recklessly!
You are too injured to fight recklessly!
You are too injured to fight recklessly!
You are too injured to fight recklessly!
Unknown command.
You scratch the hornet.
The hornet is severely wounded.
You feel sick. The hornet completely misses you.
You completely miss the hornet.
The hornet is severely wounded.
You feel sick. The hornet stings you!
* * * LOW HITPOINT WARNING * * *
You suddenly lose the ability to move!
The hornet barely misses you.
You feel sick. The hornet stings you!
You die...

# ###. ## ...#
#.# ..# #.#
#y#.# #h# #.#
#.# ###.#
#...# #.### #
###.##########
###.###
#.............
......
###...########
#


You could see a hornet.

Vanquished Creatures
  The ghost of TheCrane the Caller, an amateur FeSu (D:5)
  Menkaure (D:7)
  An ice beast (D:6)
  2 black bears
  2 ogres
  A phantom (D:5)
  A kobold brigand (D:6)
  A gnoll sergeant (D:6)
  3 bullfrogs
  2 scorpions
  5 hounds
  2 jellies
  7 orc priests
  A gnoll bouda (D:5)
  A sleepcap (D:6)
  4 iguanas
  2 orc wizards
  16 gnolls
  14 adders
  2 white imps (D:6)
  An ufetubus (D:5)
  3 worms
  4 dart slugs
  15 orcs
  5 endoplasms
  11 giant cockroaches
  8 goblins
  7 hobgoblins
  7 kobolds
  10 quokkas
  11 ball pythons
  4 bats
  14 frilled lizards
  3 rats
172 creatures vanquished.

Notes
Turn   | Place    | Note
-------+----------+-------------------------------------------
     0 | D:1      | Descartes the Felid Shapeshifter began the quest for the
                  | Orb.
     0 | D:1      | Reached XP level 1. HP: 9/9 MP: 2/2
   129 | D:1      | Reached XP level 2. HP: 12/12 MP: 3/3
   199 | D:1      | Reached skill level 1 in Stealth
   799 | D:2      | Reached XP level 3. HP: 14/15 MP: 4/4
   831 | D:2      | Found a blossoming altar of Fedhas.
  1454 | D:3      | Reached XP level 4. HP: 5/19 MP: 5/5
  1838 | D:3      | Got Oxelesy's Volume of Rancid Sinister Deeds
  1933 | D:3      | Found a faded altar of an unknown god.
  1989 | D:4      | Reached XP level 5. HP: 22/22 MP: 6/6
  2108 | D:4      | Found Irriyrip's Assorted Antiques.
  2149 | D:4      | Slain by a gnoll
  2247 | D:4      | Gained mutation: You are covered in thick fur. (AC +2)
                  | [Felid growth]
  2247 | D:4      | Reached XP level 6. HP: 27/27 MP: 7/7
  3047 | D:4      | Mangled by a gnoll sergeant
  3201 | D:5      | Entered Level 5 of the Dungeon
  3211 | D:5      | Reached skill level 5 in Dodging
  3212 | D:5      | Reached XP level 7. HP: 31/31 MP: 8/8
  3356 | D:5      | Reached skill level 5 in Stealth
  3452 | D:5      | Found a runed translucent door.
  3472 | D:5      | Found an ancient bone altar of Kikubaaqudgha.
  3586 | D:5      | Reached skill level 5 in Shapeshifting
  3668 | D:5      | Found a glowing drain.
  3677 | Sewer    | Entered a sewer
  3876 | Sewer    | Reached skill level 5 in Unarmed Combat
  3921 | Sewer    | Reached XP level 8. HP: 24/36 MP: 9/9
  4400 | D:5      | Noticed TheCrane's ghost (amateur FeSu)
  4421 | D:5      | Found an opulent altar of Gozag.
  4431 | D:5      | Found a blossoming altar of Fedhas.
  4553 | D:5      | Killed TheCrane's ghost
  5128 | D:6      | Slain by an ice beast
  5197 | D:6      | Reached skill level 5 in Fighting
  5356 | D:6      | Found a hide-covered altar of Uskayaw.
  5509 | D:7      | Found Salorghe's General Store.
  5524 | D:7      | Reached XP level 9. HP: 32/40 MP: 10/10
  5558 | D:7      | Noticed Menkaure
  5570 | D:7      | Killed Menkaure
  5696 | D:7      | Found a staircase to the Ecumenical Temple.
  5720 | Temple   | Entered the Ecumenical Temple
  5763 | D:7      | HP: 1/40 [hornet (13)]
  5763 | D:7      | Paralysed by a hornet for 1 turns
  5764 | D:7      | Mangled by a hornet

Illustrated notes

Levels and vault maps discovered:
D:1:      roderic_octagonal_star, layout_basic, serial_corexii_hall,
          corexii_hall_statues_i, corexii_hall_statues_s, wad_floor_pattern_2
D:2:      layout_basic, basic_altar
D:3:      layout_basic, hellmonk_ecumenical_altar_inner_sanctum
D:4:      layout_cave_pods, serial_shops, nicolae_shop_dealshenge,
          lightli_minifort
D:5:      layout_basic, lemuel_doored_altar, minitemple,
          gup_sewer_entry_bubbles, gammafunk_ghost_grave
D:6:      layout_loops_ring, nicolae_uskayaw_suspiria, kennysheep_generic_room_5
D:7:      layout_loops_ring, minmay_temple_entry_junction, serial_shops, shop,
          uniq_menkaure
Temple:   hellmonk_temple_of_storms

Skill      XL: |  1  2  3  4  5  6  7  8 |
---------------+-------------------------+-----
Stealth        | 1 2 3 4 5 7 |  7.8
Dodging        | 3 4 5 7 |  7.7
Fighting       | 2 3 4 5 |  5.0
Shapeshifting  | 4 5 6 |  6.5
Unarmed Combat | 4 5 6 |  6.3

Action                     |  1- 3 |  4- 6 |  7- 9 || total
---------------------------+-------+-------+-------++-------
  Melee: Unarmed           |    85 |   138 |   260 ||   483
         Punch             |     3 |     6 |     3 ||    12
         Bite              |     4 |    22 |    27 ||    53
    Use: Scroll            |       |       |     3 ||     3
   Stab: Sleeping          |     8 |     4 |    13 ||    25
         Distracted        |       |     2 |     2 ||     4
 Armour: Skin              |    29 |    48 |    91 ||   168
  Dodge: Dodged            |    46 |   114 |   236 ||   396

Table legend: (Time is in decaauts)
 A = Elapsed time spent in this place.
 B = Non-inter-level travel time spent in this place.
 C = Inter-level travel time spent in this place.
 D = Time resting spent in this place.
 E = Time spent auto-exploring this place.
 F = Levels seen in this place.
 G = Mean time per level.
                   A        B        C        D        E       F      G
               +--------+--------+--------+--------+--------+-----+--------+
         Total |   4911 |   4725 |    186 |      0 |   3370 |   9 |  545.7 |
       Dungeon |   4410 |   4227 |    183 |      0 |   3080 |   7 |  630.0 |
        Temple |     15 |     12 |      3 |      0 |      0 |   1 |   15.0 |
         Sewer |    485 |    485 |      0 |      0 |    290 |   1 |  485.0 |
               +--------+--------+--------+--------+--------+-----+--------+

Top non-repeatable levels by time:
     D:4: 962 daAuts
     D:5: 826 daAuts
     D:6: 714 daAuts
     D:3: 700 daAuts
     D:1: 539 daAuts
   Sewer: 485 daAuts
     D:2: 471 daAuts
     D:7: 195 daAuts
  Temple: 15 daAuts
